 Dungeon Crawl Stone Soup version 0.28.0-43-g3370ac3207 (webtiles) character file.

Game seed: 2227414787304103253

926 styxcanada the Covert (level 7, -5/36 HPs)
             Began as a Spriggan Brigand on Mar 15, 2022.
             Slain by an iguana (13 damage)
             ... on level 5 of the Dungeon on Mar 20, 2022.
             The game lasted 00:32:13 (6512 turns).

styxcanada the Covert (Spriggan Brigand)            Turns: 6512, Time: 00:32:16

Health: -5/36      AC:  4    Str:  7    XL:     7   Next: 85%
Magic:  8/8        EV: 19    Int: 19    God:
Gold:   252        SH: 11    Dex: 18    Spells: 6/6 levels left

rFire   . . .      SeeInvis +   w - +1 short sword (chaos)
rCold   . . .      Faith    .   x - +0 buckler
rNeg    . . .      Spirit   .   b - +0 robe
rPois   +          Reflect  +   (helmet restricted)
rElec   .          Harm     .   e - +1 cloak {rPois}
rCorr   .          Rampage  .   (gloves unavailable)
Will    +....                   (boots unavailable)
Stlth   ++++......              p - amulet of reflection
HPRegen 0.12/turn               g - ring of poison resistance
MPRegen 0.11/turn               h - +6 ring of intelligence

@: very quick
A: very small, no large weapons, unfitting armour, see invisible, speed 3
a: no special abilities


You were on level 5 of the Dungeon.
You visited 1 branch of the dungeon, and saw 5 of its levels.

You collected 252 gold pieces.

Inventory:

Hand Weapons
 a - a +2 dagger
 d - a +3 quarterstaff of chaos
 k - a +0 hunting sling
 o - the +9 trident "Intaddy" {drain, rElec rC+}
   (You found it on level 4 of the Dungeon)

   A truly terrible weapon, it drains the life of any living foe it strikes.
   rC:        It protects you from cold.
   rElec:     It insulates you from electricity.
 w - a +1 short sword of chaos (weapon)
Missiles
 f - 202 stones
 j - 3 boomerangs
 n - 2 poisoned darts (quivered)
Armour
 b - a +0 robe (worn)
 e - a +1 cloak of poison resistance (worn)
 x - a +0 buckler (worn)
Jewellery
 g - a ring of poison resistance (left hand)
 h - a +6 ring of intelligence (right hand)
 p - an amulet of reflection (around neck)
Wands
 m - a wand of polymorph (14)
Scrolls
 q - a scroll of blinking
 u - a scroll of immolation
 v - a scroll of fog {unknown}
Potions
 c - a potion of curing {unknown}
 i - a potion of heal wounds
 r - a potion of flight
 s - 2 potions of resistance


   Skills:
 * Level 3.3 Fighting
 + Level 3.8 Short Blades
 + Level 2.7(3.7) Slings
 + Level 3.2(3.6) Throwing
 * Level 5.5 Dodging
 * Level 9.6 Stealth
 + Level 1.1 Shields


You had 6 spell levels left.
You didn't know any spells.
Your spell library was empty.

Dungeon Overview and Level Annotations

Branches:
Dungeon (5/15)
 Temple: D:4-7

Altars:
Xom

Shops:
D:1 *


Innate Abilities, Weirdness & Mutations

You are very small and have problems with some larger weapons.
You are too small for most types of armour.
You have supernaturally acute eyesight. (SInv)
You cover ground extremely quickly. (Speed+++)


Message History

You resist with significant effort.
An orc comes into view. It is wielding a +0 morningstar.
You block the iguana's attack.
The orc wizard moves out of view.
Found a club.
Really read the scroll of immolation? [Y]es or [N]o only, please.
Really read the scroll of immolation?
As you read the scroll of immolation, it crumbles to dust.
The creatures around you are filled with an inner flame!
Okay, then.
Hit: w) +1 short sword (chaos)
Press: ? - help, Dir - move target, f - iguana
Aim: an iguana (inner flame, about 31% to evade your +1 short sword of chaos)
Okay, then.
Throw: 4 darts (poison)
Press: ? - help, Q - select action, (/) - cycle Shift-Dir - straight line, f - orc priest
Aim: an orc priest, wielding a +0 hand axe (inner flame, 63% to hit)
You throw a poisoned dart. The poisoned dart hits the orc priest.
The orc priest is poisoned.
The orc shouts!
The orc wizard shouts!
Flame seeps out of the orc priest.
The orc priest is engulfed in blazing flames.
The orc priest explodes!
The fiery explosion engulfs the orc!
The orc explodes!
A hound comes into view.
The iguana closely misses you.
Unknown command.
Throw: 3 darts (poison)
Press: ? - help, Q - select action, (/) - cycle Shift-Dir - straight line, f - iguana
Aim: an iguana (inner flame, 66% to hit)
You throw a poisoned dart. The poisoned dart hits the iguana.
The iguana is poisoned.
The hound barks!
You hear a shout!
Flame seeps out of the iguana.
The gnoll barely misses you.
An orc comes into view. It is wielding a +0 flail.
The iguana is engulfed in blazing flames.
Flame seeps out of the iguana.
The iguana bites you!
You die...

##.#
.#######.(.........
##.##.#
####.##.....
##.##.## #g# ....
##.##..# #g# .....
# ...# #)##..... #
#..# #.....<.. ###
#..# #g.......
..###..#####
#l##.....
...#.......#####@#
.....
.......###)#.).#.#
....
.......###.#.###§#
### ...##........#
#○# ...###...#.###
#§# ....##.#.#.#
#§#
....#..#.#.####.oh
...##.##......#.oo
..##...≈)..####


You could see a gnoll shaman (inner flame), an iguana (inner flame, poisoned), a
hound, an orc wizard (inner flame), 2 gnolls and 2 orcs.

Vanquished Creatures
  A sky beast (D:5)
  3 ogres
  A phantom (D:5)
  A wyvern zombie (D:5)
  2 hounds
  A jelly (D:5)
  Crazy Yiuf (D:2)
  An orc priest (D:5)
  A centaur skeleton (D:4)
  3 iguanas
  2 hound skeletons
  A howler monkey zombie (D:5)
  An adder (D:4)
  4 gnolls
  An adder skeleton (D:4)
  2 worms (D:2)
  A dart slug (D:1)
  9 orcs
  6 endoplasms
  4 giant cockroaches
  4 goblins
  5 hobgoblins
  11 jackals
  7 kobolds
  3 quokkas
  4 ball pythons
  4 bats
  7 frilled lizards
  8 rats
99 creatures vanquished.

Notes
Turn   | Place    | Note
-------+----------+-------------------------------------------
     0 | D:1      | styxcanada the Spriggan Brigand began the quest for the
                  | Orb.
     0 | D:1      | Reached XP level 1. HP: 10/10 MP: 2/2
    28 | D:1      | Reached skill level 6 in Stealth
   331 | D:1      | Reached XP level 2. HP: 12/15 MP: 3/3
   932 | D:1      | Found Egamnyr's General Store.
  1200 | D:1      | Reached XP level 3. HP: 18/18 MP: 4/4
  1367 | D:2      | You fall into a shaft and drop 2 floors!
  1655 | D:2      | Reached skill level 7 in Stealth
  1655 | D:2      | Reached XP level 4. HP: 4/23 MP: 5/5
  2211 | D:2      | Found a faded altar of an unknown god.
  2462 | D:2      | Found a runed translucent door.
  2463 | D:2      | Noticed Crazy Yiuf
  2498 | D:2      | Killed Crazy Yiuf
  3503 | D:4      | Reached skill level 8 in Stealth
  3503 | D:4      | Reached XP level 5. HP: 26/26 MP: 6/6
  3627 | D:4      | Noticed an ogre
  3686 | D:4      | Killed an ogre
  3717 | D:4      | Reached skill level 1 in Slings
  3729 | D:4      | Identified the +9 trident "Intaddy" {drain, rElec rC+}
  3871 | D:4      | Reached XP level 6. HP: 17/32 MP: 7/7
  4402 | D:4      | Found a large runed translucent door.
  4403 | D:4      | Found a large runed translucent door.
  4403 | D:4      | Found a shimmering altar of Xom.
  4524 | D:5      | Entered Level 5 of the Dungeon
  5520 | D:5      | Reached skill level 9 in Stealth
  5622 | D:5      | Reached XP level 7. HP: 4/35 MP: 8/8
  6014 | D:5      | Reached skill level 5 in Dodging
  6134 | D:5      | Reached skill level 1 in Shields
  6512 | D:5      | Slain by an iguana

Illustrated notes

Levels and vault maps discovered:
D:1:      dpeg_arrival_tiny_b, layout_loops_ring, serial_shops,
          nicolae_shop_crystal, minmay_split_cup_large
D:2:      layout_loops_ring, shapermc_ecumenical_altar_venn,
          uniq_crazy_yiuf_cottage
D:3:      layout_basic, moated_statue, st_stairs_8
D:4:      due_chaos_kobolds, layout_rooms, kennysheep_decorative_pillar,
          minmay_between
D:5:      minmay_general_purpose_star, layout_loops_ring, st_stairs_5

Skill      XL: |  1  2  3  4  5  6  7 |
---------------+----------------------+-----
Stealth        | 6 7 8 9 |  9.6
Dodging        | 2 3 4 5 |  5.5
Fighting       | 2 3 |  3.3
Short Blades   | 3 |  3.8
Slings         | 1 2 |  2.7
Throwing       | 3 |  3.2
Shields        | 1 |  1.1

Action                   |  1- 3 |  4- 6 |  7- 9 || total
-------------------------+-------+-------+-------++-------
Melee: Dagger            |    80 |   270 |    12 ||   362
       Punch             |       |     2 |       ||     2
       Short sword       |       |       |    54 ||    54
 Fire: Hunting sling     |       |     9 |    43 ||    52
Throw: Dart              |    25 |    44 |    11 ||    80
       Stone             |       |     2 |     2 ||     4
  Use: Scroll            |       |     8 |     1 ||     9
       Potion            |       |     1 |       ||     1
 Stab: Sleeping          |     8 |    19 |       ||    27
Armor: Robe              |    15 |    28 |     1 ||    44
Dodge: Dodged            |    64 |   171 |    25 ||   260
Block: Other             |       |    14 |       ||    14
       Buckler           |       |    63 |    33 ||    96
